 Dungeon Crawl Stone Soup version 0.21.1-1-g345015fe64 (webtiles) character file.

338 Mrkan the Covered (level 6, -4/37 HPs)
             Began as a Gargoyle Fighter on May 6, 2018.
             Slain by an ogre
             ... wielding a +0 giant club
              (14 damage)
             ... on level 4 of the Dungeon.
             The game lasted 00:08:15 (3841 turns).

Mrkan the Covered (Gargoyle Fighter)                Turns: 3841, Time: 00:08:16

Health: -4/37      AC: 14    Str: 23    XL:     6   Next: 55%
Magic:  6/6        EV:  7    Int:  9    God:
Gold:   130        SH:  9    Dex:  9    Spells: 5/5 levels left

rFire    + . .     SeeInvis .   a - +0 flail
rCold    . . .     Gourm    .   c - +0 shield
rNeg     + . .     Faith    .   b - +0 scale mail
rPois    ∞         Spirit   .   k - +1 helmet
rElec    +         Reflect  .   (no cloak)
rCorr    .         Harm     .   (no gloves)
MR       .....                  (no boots)
Stlth    ..........             (no amulet)
HPRegen  0.12/turn              n - ring of protection from fire
MPRegen  0.10/turn              p - +2 ring of strength

@: no status effects
A: negative energy resistance 1, electricity resistance, unbreathing,
petrification resistance, rot immunity, AC +4
a: no special abilities


You were on level 4 of the Dungeon.
You were hungry.

You visited 1 branch of the dungeon, and saw 4 of its levels.

You collected 130 gold pieces.

Inventory:

Hand Weapons
 a - a +0 flail (weapon)
Armour
 b - a +0 scale mail (worn)
 c - a +0 shield (worn)
 k - a +1 helmet (worn)
Jewellery
 n - a ring of protection from fire (left hand)
 p - a +2 ring of strength (right hand)
Wands
 e - a wand of paralysis (12)
Scrolls
 g - 2 scrolls of identify
 j - a scroll of enchant weapon {unknown}
 q - a scroll of remove curse
Potions
 d - a potion of might
 h - a potion of curing
 i - 2 potions of ambrosia
 l - a potion of agility {unknown}
 o - a potion of haste {unknown}
 r - a potion of flight {unknown}
 t - a potion of degeneration {unknown}
Comestibles
 f - 7 rations


   Skills:
 - Level 3.2 Fighting
 * Level 4.9 Maces & Flails
 * Level 6.0 Armour
 - Level 3.2 Shields


You had 5 spell levels left.
You didn't know any spells.

Dungeon Overview and Level Annotations

Branches:
Dungeon (4/15)
 Temple: D:4-7

Altars:


Innate Abilities, Weirdness & Mutations

You are resistant to torment.
Your stone body is resilient. (AC +4)
You are immune to poison.
You resist negative energy. (rN+)
You are resistant to electric shocks. (rElec)
You can survive without breathing.
You are immune to petrification.
You are immune to rotting.


Message History

You hit the ogre but do no damage.
The ogre is lightly wounded.
You block the ogre's attack.
You hit the ogre.
The ogre is moderately wounded.
You block the ogre's attack.
You hit the ogre.
The ogre is moderately wounded.
You block the ogre's attack.
Your scale mail prevents you from hitting the ogre.
The ogre is moderately wounded.
The ogre hits you with a giant club.
You are feeling hungry.
The ogre hits you with a giant club! The ogre barely misses you.
The ogre hits you with a giant club.
* * * LOW HITPOINT WARNING * * *
There is a stone staircase leading down here.
The ogre hits you with a giant club!
You die...

#.#.###.# #.#.# #.# ###.#
#.# #.# #.# ##.###.#
#......# #..###.# #..#
#################### #..#
#..@................
#..###.#O################
#......#.# ##.......#
#######.# ####.......#
#......###.#
#.###..###.### #####
#......... .....


You could see an ogre.

Vanquished Creatures
  A centaur (D:2)
  2 hounds (D:4)
  A centaur skeleton (D:4)
  A worker ant (D:3)
  Robin (D:3)
  6 adders
  4 worms (D:3)
  4 dart slugs
  A leopard gecko (D:4)
  An orc (D:3)
  7 bats
  A bat zombie (D:1)
  2 giant cockroaches
  17 goblins
  8 hobgoblins
  2 quokkas
  A ball python (D:4)
  A frilled lizard (D:1)
  3 kobolds
  A quokka zombie (D:1)
  6 rats
71 creatures vanquished.

Notes
Turn   | Place    | Note
-------+----------+-------------------------------------------
     0 | D:1      | Mrkan the Gargoyle Fighter began the quest for the Orb.
     0 | D:1      | Reached XP level 1. HP: 14/14 MP: 1/1
   164 | D:1      | Reached XP level 2. HP: 13/19 MP: 2/2
   971 | D:1      | Reached XP level 3. HP: 21/23 MP: 3/3
   997 | D:1      | Reached skill level 4 in Armour
  1579 | D:2      | Noticed a centaur
  1595 | D:2      | Killed a centaur
  1595 | D:2      | Reached XP level 4. HP: 11/28 MP: 4/4
  2098 | D:2      | Reached XP level 5. HP: 30/32 MP: 5/5
  2619 | D:3      | Reached skill level 5 in Armour
  2865 | D:3      | Noticed Robin
  2892 | D:3      | Killed Robin
  3237 | D:3      | Reached XP level 6. HP: 34/37 MP: 6/6
  3722 | D:4      | Reached skill level 6 in Armour
  3841 | D:4      | Slain by an ogre

Skill      XL: |  1  2  3  4  5  6 |
---------------+-------------------+-----
Armour         | 4 5 6 |  6.0
Maces & Flails | 3 4 |  4.9
Fighting       | |  3.2
Shields        | |  3.2

Action                   |  1- 3 |  4- 6 || total
-------------------------+-------+-------++-------
Melee: Flail             |    82 |   271 ||   353
  Use: Scroll            |       |     6 ||     6
  Eat: Chunk             |     1 |     5 ||     6
       Ration            |     1 |       ||     1
Armor: Scale mail        |    53 |   194 ||   247
Dodge: Dodged            |    23 |    92 ||   115
Block: Shield            |    56 |   194 ||   250
